SL
OAKLAND OAKS @ PHOENIX HOTSPUR
08/12/2037
 
TOP OF THE 1ST
Oakland Oaks batting - Pitching for Phoenix Hotspur : RHP Masahiro Sakei
Pitching: RHP Masahiro Sakei
Batting: RHB Esteban Vázquez 0-0: Ball
1-0: Called Strike
1-1: SINGLE (Flyball, 8RS, EV 86.2 MPH)
Batting: LHB Obidiah Lewis 0-0: Foul Ball, location: 2F
0-1: Ball
1-1: Foul Ball, location: 2F
1-2: Ball
2-2: Foul Ball, location: 2F
2-2: Strikes out swinging
Batting: RHB Mike Wazowski 0-0: Ball
Esteban Vázquez steals 2nd base
1-0: Ball
2-0: Called Strike
2-1: Swinging Strike
2-2: Strikes out looking
Batting: LHB Yu-zeng Si 0-0: Ball
1-0: Foul Ball, location: 2F
1-1: SINGLE (Line Drive, 6MD, EV 103.1 MPH)
Esteban Vázquez to third
Runner from 3rd tries for Home, SAFE, throw by CF to home
Batting: RHB Júlio Salazar 0-0: Swinging Strike
0-1: Called Strike
0-2: Ball
1-2: Ground out 1-3 (Groundball, 13S, EV 69.4 MPH)
Top of the 1st over - 1 run, 2 hits, 0 errors, 1 left on base; Oakland 1 - Phoenix 0
BOTTOM OF THE 1ST
Phoenix Hotspur batting - Pitching for Oakland Oaks : LHP Kevin Nogilny
Pitching: LHP Kevin Nogilny
Batting: RHB Alberto Ramírez 0-0: Ball
1-0: Fly out, F7 (Flyball, 7, EV 81.2 MPH)
Batting: RHB Brit Davis 0-0: Called Strike
0-1: Ball
1-1: Foul Ball, location: 2F
1-2: Strikes out swinging
Batting: RHB Jonas van Claveren 0-0: Ball
1-0: Ball
2-0: Ball
3-0: Base on Balls
Batting: RHB Tae-cho Han 0-0: Ball
1-0: Fly out, F8 (Flyball, 8RD, EV 105.6 MPH)
Bottom of the 1st over - 0 runs, 0 hits, 0 errors, 1 left on base; Oakland 1 - Phoenix 0
TOP OF THE 2ND
Oakland Oaks batting - Pitching for Phoenix Hotspur : RHP Masahiro Sakei
Batting: RHB Yehonatan Chazan 0-0: Called Strike
0-1: Ball
1-1: Swinging Strike
1-2: Ground out 6-3 (Groundball, 6, EV 91.2 MPH)
Batting: RHB Colin O'Connell 0-0: Ball
1-0: Ball
2-0: Called Strike
2-1: SINGLE (Groundball, 6MD, EV 100.0 MPH)
Batting: LHB Héctor Velázquez 0-0: Ball
1-0: Fly out, F8 (Line Drive, 8LD, EV 90.0 MPH)
Batting: RHB Cristián Coronado 0-0: Called Strike
0-1: Ball
1-1: Foul Ball, location: 2F
1-2: Strikes out swinging
Top of the 2nd over - 0 runs, 1 hit, 0 errors, 1 left on base; Oakland 1 - Phoenix 0
BOTTOM OF THE 2ND
Phoenix Hotspur batting - Pitching for Oakland Oaks : LHP Kevin Nogilny
Batting: RHB Martín Talia 0-0: Foul Ball, location: 2F
0-1: Ball
1-1: Ball
2-1: Called Strike
2-2: DOUBLE (Groundball, 5L, EV 100.6 MPH)
Batting: LHB Tadayoshi Watanabe 0-0: Foul Ball, location: 2F
0-1: Ball
1-1: Swinging Strike
1-2: Ground out 4-3 (Groundball, 34, EV 97.5 MPH)
Martín Talia to third
Batting: RHB Quan Easterling 0-0: Ball
1-0: Called Strike
1-1: Swinging Strike
1-2: Ball
2-2: Strikes out swinging
Batting: RHB Myles Brundidge 0-0: Ball
1-0: SINGLE (Groundball, 6MD, EV 111.2 MPH)
Martín Talia scores
Batting: LHB Mario Ramos Pickoff Throw to First - Error! E1
Myles Brundidge to second
0-0: Ball
1-0: Ball
2-0: Foul Ball, location: 2F
2-1: Fly out, F8 (Flyball, 8LM, EV 86.2 MPH)
Bottom of the 2nd over - 1 run, 2 hits, 1 error, 1 left on base; Oakland 1 - Phoenix 1
TOP OF THE 3RD
Oakland Oaks batting - Pitching for Phoenix Hotspur : RHP Masahiro Sakei
Batting: RHB Esteban Vázquez 0-0: Ball
1-0: Ball
2-0: DOUBLE (Line Drive, 89D, EV 107.5 MPH)
Batting: LHB Obidiah Lewis 0-0: Called Strike
0-1: Ball
1-1: Fly out, F9 (Flyball, 9LS, EV 91.9 MPH)
Batting: RHB Mike Wazowski 0-0: Called Strike
Esteban Vázquez steals 3rd base
0-1: Called Strike
0-2: Ball
1-2: Foul Ball, location: 2F
1-2: Ball
2-2: Foul Ball, location: 2F
2-2: Ground out 5-3 (Groundball, 56, EV 105.6 MPH)
Esteban Vázquez scores
Batting: LHB Yu-zeng Si 0-0: Ball
1-0: Swinging Strike
1-1: Foul Ball, location: 2F
1-2: Strikes out swinging
Top of the 3rd over - 1 run, 1 hit, 0 errors, 0 left on base; Oakland 2 - Phoenix 1
BOTTOM OF THE 3RD
Phoenix Hotspur batting - Pitching for Oakland Oaks : LHP Kevin Nogilny
Batting: RHB Alberto Ramírez 0-0: Ball
1-0: Swinging Strike
1-1: Foul Ball, location: 2F
1-2: Strikes out swinging
Batting: RHB Brit Davis 0-0: Called Strike
0-1: Fly out, F8 (Flyball, 8RM, EV 90.6 MPH)
Batting: RHB Jonas van Claveren 0-0: Ball
1-0: Ball
2-0: Fly out, F9 (Flyball, 89M, EV 90.0 MPH)
Bottom of the 3rd over - 0 runs, 0 hits, 0 errors, 0 left on base; Oakland 2 - Phoenix 1
TOP OF THE 4TH
Oakland Oaks batting - Pitching for Phoenix Hotspur : RHP Masahiro Sakei
Batting: RHB Júlio Salazar 0-0: Fly out, F8 (Flyball, 8RXD, EV 110.6 MPH)
Batting: RHB Yehonatan Chazan 0-0: Ball
1-0: Swinging Strike
1-1: Foul Ball, location: 2F
1-2: Foul Ball, location: 2F
1-2: Fly out, F5 (Popup, 56S, EV 77.5 MPH)
Batting: RHB Colin O'Connell 0-0: Reached on error, E5 (Groundball, 5S, EV 66.9 MPH)
Batting: LHB Héctor Velázquez 0-0: Called Strike
0-1: Ground out U3 (Groundball, 3S, EV 91.2 MPH)
Top of the 4th over - 0 runs, 0 hits, 1 error, 1 left on base; Oakland 2 - Phoenix 1
BOTTOM OF THE 4TH
Phoenix Hotspur batting - Pitching for Oakland Oaks : LHP Kevin Nogilny
Batting: RHB Tae-cho Han 0-0: Called Strike
0-1: Swinging Strike
0-2: Ball
1-2: Foul Ball, location: 2F
1-2: SOLO HOME RUN (Flyball, 7D, EV 97.5 MPH), Distance : 377 ft
Batting: RHB Martín Talia 0-0: Swinging Strike
0-1: Ball
1-1: Foul Ball, location: 2F
1-2: Strikes out looking
Batting: LHB Tadayoshi Watanabe 0-0: Ground out 3-1 (Groundball, 34, EV 101.2 MPH)
Batting: RHB Quan Easterling 0-0: Called Strike
0-1: Reached via error on a dropped throw from SS, E3 (Groundball, 4M, EV 86.2 MPH)
Batting: RHB Myles Brundidge 0-0: Ball
1-0: Fielders Choice at 2nd, 5-4 (Groundball, 5, EV 84.4 MPH)
Bottom of the 4th over - 1 run, 1 hit, 1 error, 1 left on base; Oakland 2 - Phoenix 2
TOP OF THE 5TH
Oakland Oaks batting - Pitching for Phoenix Hotspur : RHP Masahiro Sakei
Batting: RHB Cristián Coronado 0-0: Foul Ball, location: 2F
0-1: Ball
1-1: Ground out 6-3 (Groundball, 56, EV 90.6 MPH)
Batting: RHB Esteban Vázquez 0-0: Ball
1-0: Ball
2-0: Called Strike
2-1: Ground out U3 (Groundball, 3S, EV 80.6 MPH)
Batting: LHB Obidiah Lewis 0-0: Swinging Strike
0-1: Ball
1-1: Ball
2-1: Foul Ball, location: 2F
2-2: Fly out, F8 (Flyball, 89D, EV 83.1 MPH)
Top of the 5th over - 0 runs, 0 hits, 0 errors, 0 left on base; Oakland 2 - Phoenix 2
BOTTOM OF THE 5TH
Phoenix Hotspur batting - Pitching for Oakland Oaks : LHP Kevin Nogilny
Batting: LHB Mario Ramos 0-0: Ball
1-0: Swinging Strike
1-1: Called Strike
1-2: Ball
2-2: Ground out 1-3 (Groundball, 15S, EV 72.5 MPH)
Batting: RHB Alberto Ramírez 0-0: Swinging Strike
0-1: Swinging Strike
0-2: Ball
1-2: Foul Ball, location: 2F
1-2: Foul Ball, location: 2F
1-2: Ball
2-2: Ball
3-2: Foul Ball, location: 2F
3-2: Fly out, F3 (Popup, 23F, EV 90.6 MPH)
Batting: RHB Brit Davis 0-0: Called Strike
0-1: Fly out, F9 (Flyball, 9LS, EV 79.4 MPH)
Bottom of the 5th over - 0 runs, 0 hits, 0 errors, 0 left on base; Oakland 2 - Phoenix 2
TOP OF THE 6TH
Oakland Oaks batting - Pitching for Phoenix Hotspur : RHP Masahiro Sakei
Batting: RHB Mike Wazowski 0-0: Ball
1-0: Called Strike
1-1: Ball
2-1: Foul Ball, location: 2F
2-2: SINGLE (Groundball, 34D, EV 97.5 MPH)
Batting: LHB Yu-zeng Si 0-0: Ball
1-0: Ball
2-0: SINGLE (Groundball, 4D, EV 96.2 MPH)
Mike Wazowski to second
Runner from 2nd tries for 3rd, SAFE, no throw by CF
Batting: RHB Júlio Salazar Pickoff Throw to First - Error! E1
Mike Wazowski scores
Yu-zeng Si to second
0-0: Ball
1-0: Ball
2-0: Ball
3-0: Base on Balls
Batting: RHB Yehonatan Chazan 0-0: Called Strike
0-1: Ball
1-1: 3-RUN HOME RUN (Flyball, 78XD, EV 103.8 MPH), Distance : 415 ft
Pitching: RHP Biff Tannen
Batting: RHB Colin O'Connell 0-0: Fly out, F9 (Flyball, 9D, EV 101.2 MPH)
Batting: LHB Héctor Velázquez 0-0: Called Strike
0-1: Called Strike
0-2: Foul Ball, location: 2F
0-2: SINGLE (Line Drive, 89S, EV 110.0 MPH)
Batting: RHB Cristián Coronado 0-0: Ball
1-0: Foul Ball, location: 2F
1-1: Foul Ball, location: 2F
1-2: Strikes out swinging
Batting: RHB Esteban Vázquez 0-0: Ball
Héctor Velázquez is caught stealing 2nd base 2-4
Top of the 6th over - 4 runs, 4 hits, 1 error, 0 left on base; Oakland 6 - Phoenix 2
BOTTOM OF THE 6TH
Phoenix Hotspur batting - Pitching for Oakland Oaks : LHP Kevin Nogilny
Pitching: RHP Panda Montana
Batting: RHB Jonas van Claveren 0-0: Called Strike
0-1: Fly out, F8 (Flyball, 8RXD, EV 88.8 MPH)
Batting: RHB Tae-cho Han 0-0: Called Strike
0-1: Ball
1-1: Ball
2-1: Swinging Strike
2-2: Fly out, F8 (Flyball, 8RD, EV 86.9 MPH)
Batting: RHB Martín Talia 0-0: Ball
1-0: Ball
2-0: Ball
3-0: Called Strike
3-1: Called Strike
3-2: Strikes out swinging
Bottom of the 6th over - 0 runs, 0 hits, 0 errors, 0 left on base; Oakland 6 - Phoenix 2
TOP OF THE 7TH
Oakland Oaks batting - Pitching for Phoenix Hotspur : RHP Biff Tannen
Batting: RHB Esteban Vázquez 0-0: Ground out 1-3 (Groundball, 13, EV 84.4 MPH)
Batting: LHB Obidiah Lewis 0-0: Ball
1-0: Ball
2-0: Ball
3-0: Called Strike
3-1: Foul Ball, location: 2F
3-2: Foul Ball, location: 2F
3-2: Strikes out swinging
Batting: RHB Mike Wazowski 0-0: Called Strike
0-1: Ground out U3 (Groundball, 34S, EV 80.0 MPH)
Top of the 7th over - 0 runs, 0 hits, 0 errors, 0 left on base; Oakland 6 - Phoenix 2
BOTTOM OF THE 7TH
Phoenix Hotspur batting - Pitching for Oakland Oaks : RHP Panda Montana
Batting: LHB Tadayoshi Watanabe 0-0: Ball
1-0: Ball
2-0: Called Strike
2-1: Foul Ball, location: 2F
2-2: Strikes out swinging
Batting: RHB Quan Easterling 0-0: Called Strike
0-1: Called Strike
0-2: SINGLE (Line Drive, 89S, EV 90.0 MPH)
Batting: RHB Myles Brundidge 0-0: Ball
1-0: Called Strike
1-1: Foul Ball, location: 2F
1-2: Strikes out swinging
Batting: LHB Mario Ramos 0-0: Called Strike
0-1: Ball
1-1: Swinging Strike
1-2: Ball
2-2: Foul Ball, location: 2F
2-2: Ball
3-2: Strikes out swinging
Bottom of the 7th over - 0 runs, 1 hit, 0 errors, 1 left on base; Oakland 6 - Phoenix 2
TOP OF THE 8TH
Oakland Oaks batting - Pitching for Phoenix Hotspur : RHP Biff Tannen
Batting: LHB Yu-zeng Si 0-0: Swinging Strike
0-1: Ball
1-1: Foul Ball, location: 2F
1-2: SINGLE (Groundball, 34D, EV 101.2 MPH)
Batting: RHB Júlio Salazar 0-0: Ball
1-0: Grounds into double play, 5-4-3 (Groundball, 5L, EV 83.1 MPH)
Batting: RHB Yehonatan Chazan 0-0: Ball
1-0: Ball
2-0: Called Strike
2-1: Foul Ball, location: 2F
2-2: Ball
3-2: SINGLE (Groundball, 56, EV 101.9 MPH) (infield hit)
Batting: RHB Colin O'Connell 0-0: Called Strike
0-1: Fly out, F7 (Flyball, 7D, EV 99.4 MPH)
Top of the 8th over - 0 runs, 2 hits, 0 errors, 1 left on base; Oakland 6 - Phoenix 2
BOTTOM OF THE 8TH
Phoenix Hotspur batting - Pitching for Oakland Oaks : RHP Panda Montana
Batting: RHB Alberto Ramírez 0-0: Called Strike
0-1: Ball
1-1: Ball
2-1: Called Strike
2-2: SOLO HOME RUN (Flyball, 78XD, EV 111.2 MPH), Distance : 411 ft
Batting: RHB Brit Davis 0-0: Ball
1-0: Ball
2-0: Ground out 2-3 (Groundball, 15S, EV 68.1 MPH)
Batting: RHB Jonas van Claveren 0-0: Foul Ball, location: 2F
0-1: Swinging Strike
0-2: Ball
1-2: Fly out, F7 (Line Drive, 7D, EV 95.0 MPH)
Batting: RHB Tae-cho Han 0-0: Called Strike
0-1: Fly out, F7 (Flyball, 78M, EV 86.9 MPH)
Bottom of the 8th over - 1 run, 1 hit, 0 errors, 0 left on base; Oakland 6 - Phoenix 3
TOP OF THE 9TH
Oakland Oaks batting - Pitching for Phoenix Hotspur : RHP Biff Tannen
Batting: LHB Héctor Velázquez 0-0: Swinging Strike
0-1: Ball
1-1: Ball
2-1: Fly out, F8 (Line Drive, 8LD, EV 92.5 MPH)
Batting: RHB Cristián Coronado 0-0: Ball
1-0: Fly out, F3 (Popup, 3F, EV 62.5 MPH)
Batting: RHB Esteban Vázquez 0-0: Swinging Strike
0-1: DOUBLE (Flyball, 8RXD, EV 97.5 MPH)
Pitching: RHP Edgardo Nava
Batting: LHB Obidiah Lewis 0-0: Ball
1-0: Called Strike
1-1: Swinging Strike
1-2: Fly out, F3 (Line Drive, 3, EV 67.5 MPH)
Top of the 9th over - 0 runs, 1 hit, 0 errors, 1 left on base; Oakland 6 - Phoenix 3
BOTTOM OF THE 9TH
Phoenix Hotspur batting - Pitching for Oakland Oaks : RHP Panda Montana
Pitching: RHP Júlio Rodríguez
Batting: RHB Martín Talia 0-0: Called Strike
0-1: Foul Ball, location: 2F
0-2: Ball
1-2: Foul Ball, location: 2F
1-2: Foul Ball, location: 2F
1-2: Foul Ball, location: 2F
1-2: Ball
2-2: Fly out, F8 (Flyball, 8RS, EV 83.8 MPH)
Batting: LHB Tadayoshi Watanabe 0-0: Called Strike
0-1: Ball
1-1: Foul Ball, location: 2F
1-2: Fly out, F8 (Flyball, 8LM, EV 75.0 MPH)
Batting: RHB Quan Easterling 0-0: Called Strike
0-1: Ball
1-1: Called Strike
1-2: Strikes out swinging
Bottom of the 9th over - 0 runs, 0 hits, 0 errors, 0 left on base; Oakland 6 - Phoenix 3
Thursday, January 23rd, 2020 - OOTP Baseball 20.8 Build 74